 Dungeon Crawl Stone Soup version 0.27.1-15-g792fb953b9 (webtiles) character file.

Game seed: 10904206002737902271

30 ggallus the Skirmisher (level 3, -3/33 HPs)
             Began as a Minotaur Fighter on Nov 18, 2021.
             Was a Follower of Cheibriados.
             Killed from afar by an orc wizard (5 damage)
             ... with a magic dart
             ... on level 2 of the Dungeon.
             The game lasted 00:03:05 (1149 turns).

ggallus the Skirmisher (Minotaur Fighter)           Turns: 1149, Time: 00:03:05

Health: -3/33      AC:  7    Str: 24    XL:     3   Next: 5%
Magic:  2/2        EV:  8    Int:  8    God:    Cheibriados [*.....]
Gold:   114        SH: 10    Dex: 12    Spells: 2/2 levels left

rFire    . . .     SeeInvis .   a - +0 long sword
rCold    . . .     Faith    .   c - +0 kite shield
rNeg     . . .     Spirit   .   b - +0 scale mail
rPois    .         Reflect  .   (helmet restricted)
rElec    .         Harm     .   (no cloak)
rCorr    .         Rampage  .   (no gloves)
Will     .....                  (no boots)
Stlth    ..........             (no amulet)
HPRegen  0.11/turn              (no ring)
MPRegen  0.08/turn              (no ring)

@: very slow
A: horns 2, retaliatory headbutt
a: Renounce Religion, Bend Time


You were on level 2 of the Dungeon.
You worshipped Cheibriados.
Cheibriados was aware of your devotion.
You visited 1 branch of the dungeon, and saw 2 of its levels.

You collected 114 gold pieces.

Inventory:

Hand Weapons
 a - a +0 long sword (weapon)
Armour
 b - a +0 scale mail (worn)
 c - a +0 kite shield (worn)
Scrolls
 e - a scroll of teleportation {unknown}
 g - 2 scrolls of enchant weapon {unknown}
 h - a scroll of fear {unknown}
Potions
 d - a potion of might
 f - a potion of flight {unknown}


   Skills:
 + Level 4.1 Fighting
 + Level 2.8 Long Blades
 + Level 4.0 Armour
 + Level 0.5 Dodging
 + Level 4.0 Shields


You had 2 spell levels left.
You didn't know any spells.
Your spell library was empty.

Dungeon Overview and Level Annotations

Branches:
Dungeon (2/15)

Altars:
Cheibriados

Shops:
D:2 =


Innate Abilities, Weirdness & Mutations

You have a pair of horns on your head.
You reflexively headbutt those who attack you in melee.


Message History

Cheibriados raises the support of your attributes as your movement slows.
Things that are here:
a +0 short sword; a +0 leather armour Something hits you.
* * * LOW HITPOINT WARNING * * *
Something hits you.
* * * LOW HITPOINT WARNING * * *
Your scale mail prevents you from hitting something.
Something hits you but does no damage. Something hits you.
* * * LOW HITPOINT WARNING * * *
You block something's attack.
You hear some strange, mumbled words.
Something tries to affect you, but you resist.
Found 17 gold pieces.
You hear some strange, mumbled words.
You are confused.
Something hits you but does no damage.
You're too confused to move!
Something hits you but does no damage.
Something hits you but does no damage. x2
You feel less confused.
An orc wizard appears from thin air!
Reactivating autopickup.
The orc wizard casts a spell.
The orc wizard flickers and vanishes!
Deactivating autopickup; reactivate with Ctrl-A.
Autopickup is now on.
Something hits you.
* * * LOW HITPOINT WARNING * * *
Deactivating autopickup; reactivate with Ctrl-A.
Things that are here:
a +0 short sword; a +0 leather armour Something hits you but does no damage.
Something hits you but does no damage. You block something's attack.
You miss something. Your headbutt misses something.
Something hits you but does no damage.
You miss something. Your headbutt misses something.
You hear some strange, mumbled words.
A magic dart appears from out of thin air!
The magic dart hits you.
You die...

........... ..#
.......>.## #.# #
#.....####.##
.....####....†..#
.#.#.####.......#
..........∩....#
........†.)....#
....####...{...#
. . #...@...#
#<......#
####...## ##...#
...... $....#<#
...#.# .### #


There were no monsters in sight!

Vanquished Creatures
  2 orcs (D:2)
  4 ball pythons (D:1)
  2 endoplasms
  2 giant cockroaches (D:1)
  2 hobgoblins
  2 jackals (D:1)
  A quokka (D:2)
  2 bats (D:1)
  2 frilled lizards
  2 kobolds (D:1)
  5 rats
26 creatures vanquished.

Notes
Turn   | Place    | Note
-------+----------+-------------------------------------------
     0 | D:1      | ggallus the Minotaur Fighter began the quest for the Orb.
     0 | D:1      | Reached XP level 1. HP: 19/19 MP: 0/0
   352 | D:1      | Reached XP level 2. HP: 27/27 MP: 1/1
   834 | D:1      | Found a faded altar of an unknown god.
   843 | D:1      | Became a worshipper of Cheibriados the Contemplative
   843 | D:1      | Reached * piety under Cheibriados
  1066 | D:2      | Found Danapn's Jewellery Shop.
  1132 | D:2      | Reached XP level 3. HP: 9/33 MP: 2/2
  1149 | D:2      | Killed from afar by an orc wizard

Illustrated notes

Levels and vault maps discovered:
D:1:      roderic_chinese_lattice_arrival, layout_basic,
          chequers_ecumenical_altar_simple
D:2:      layout_rooms, basic_altar, serial_shops, shop_coins

Skill      XL: |  1  2 |
---------------+-------+-----
Fighting       | 4 |  4.1
Armour         | 4 |  4.0
Shields        | 4 |  4.0
Long Blades    | |  2.8
Dodging        | |  0.5

Action                   || total
-------------------------++-------
Melee: Long sword        ||    68
       Headbutt          ||     9
Armor: Scale mail        ||    61
Dodge: Dodged            ||    26
Block: Kite shield       ||    47
       Rpst.: Long sword ||     5
